 Dungeon Crawl Stone Soup version 0.23-a0-644-gb60d84b635 (webtiles) character file.

1430 HereIgoKillingAgain the Insei (level 8, 0/60 HPs)
             Began as a Demonspawn Skald on Jan 1, 2019.
             Was an Initiate of Uskayaw.
             Slain by an orc warrior
             ... wielding a +0 flail
              (13 damage)
             ... on level 7 of the Dungeon.
             The game lasted 00:10:09 (8310 turns).

HereIgoKillingAgain the Insei (Demonspawn Skald)    Turns: 8310, Time: 00:10:09

Health: 0/60       AC:  6    Str: 13      XL:     8   Next: 45%
Magic:  7/11       EV: 19    Int: 15      God:    Uskayaw [......]
Gold:   138        SH:  0    Dex: 19 (20) Spells: 1/11 levels left

rFire    . . .     SeeInvis +     - Unarmed
rCold    . . .     Gourm    .   (no shield)
rNeg     . . .     Faith    +   b - +0 leather armour
rPois    .         Spirit   .   (no helmet)
rElec    .         Reflect  .   g - +0 cloak
rCorr    .         Harm     .   (no gloves)
MR       .....                  k - +1 pair of boots
Stlth    ++........             j - amulet of faith
HPRegen  0.20/turn              r - ring of see invisible
MPRegen  0.12/turn              (no ring)

@: agile
A: talons 1, agile 1, powered by pain 2, rot immunity
a: Renounce Religion


You were on level 7 of the Dungeon.
You worshipped Uskayaw.
Uskayaw was noncommittal.
You were not hungry.

You visited 2 branches of the dungeon, and saw 9 of its levels.

You collected 404 gold pieces.
You spent 266 gold pieces at shops.

Inventory:

Armour
 b - a +0 leather armour (worn)
 g - a +0 cloak (worn)
 k - a +1 pair of boots (worn)
Jewellery
 j - an amulet of faith (around neck)
 r - a ring of see invisible (left hand)
Wands
 n - a wand of digging (5)
 o - a wand of random effects (22)
Scrolls
 a - 3 scrolls of fear
 c - 4 scrolls of teleportation
 e - 3 scrolls of identify
 f - 3 scrolls of remove curse
 m - a scroll of enchant armour
 s - a scroll of blinking
 u - a scroll of fog {unknown}
Potions
 h - a potion of magic
 l - a potion of might
 p - a potion of flight
 q - a potion of agility
 t - a potion of curing
Comestibles
 d - 2 rations


   Skills:
 - Level 4.0 Fighting
   Level 3.0 Long Blades
 - Level 0.8 Armour
 - Level 4.0 Dodging
 * Level 7.0 Unarmed Combat
 - Level 2.0 Spellcasting
 + Level 3.4 Charms
 + Level 1.9 Transmutations


You had one spell level left.
You knew the following spells:

 Your Spells              Type           Power        Failure   Level  Hunger
a - Infusion              Chrm           ##..         7%          1    #......
b - Song of Slaying       Chrm           ##......     11%         2    ###....
c - Dragon Form           Tmut           #.........   100%        7    #######

Your spell library contained the following spells:

 Spells                   Type           Power        Failure   Level  Hunger
 Sandblast                Erth           #.....       28%         1    #......
 Shroud of Golubria       Chrm/Tloc      #.........   22%         2    ###....
 Passwall                 Tmut/Erth      #.......     28%         2    ###....
 Regeneration             Chrm/Necr      #.........   38%         3    ###....
 Spectral Weapon          Hex/Chrm       #.......     38%         3    ###....
 Stone Arrow              Conj/Erth      #.....       63%         3    ###....
 Petrify                  Tmut/Erth      #.......     88%         4    #####..
 Irradiate                Conj/Tmut      #.........   99%         5    ######.
 Lee's Rapid Deconstruct  Erth           #.........   100%        5    ######.
 Hydra Form               Tmut           #.........   100%        6    #######
 Statue Form              Tmut/Erth      #........    100%        6    #######


Dungeon Overview and Level Annotations

Branches:
Dungeon (8/15)             Temple (1/1) D:6
   Lair: D:8-11

Altars:
Ashenzari
Cheibriados
Dithmenos
Elyvilon
Fedhas
Gozag
Hepliaklqana
Kikubaaqudgha
Makhleb
Nemelex Xobeh
Okawaru
Qazlal
Ru
Sif Muna
Trog
Uskayaw
Vehumet
Wu Jian
Xom
Yredelemnul
Zin
The Shining One

Shops:
D:5 ?   D:6 }


Innate Abilities, Weirdness & Mutations

You sometimes gain power by taking damage.
You are immune to rotting.
You have sharp toenails.
You are agile. (Dex +2)


Message History

You punch the orc!
You kill the orc!
You hit the orc warrior but do no damage.
Your punch misses the orc warrior.
The orc warrior is severely wounded.
You barely miss the orc warrior.
The orc warrior is severely wounded.
The orc warrior hits you with a +0 flail!
* * * LOW HITPOINT WARNING * * *
You focus on the pain.
You feel agile all of a sudden.
You barely miss the orc warrior.
The orc warrior is severely wounded.
The orc warrior closely misses you.
You barely miss the orc warrior.
The orc warrior is severely wounded.
You hit the orc warrior.
The orc warrior is severely wounded.
The orc warrior hits you with a +0 flail!
You die...

# ##.#<...##.#.#
##########.###........#
..........## ##.....###
#########..###......#
#.#.#....##.#
#.#..#...##.#
#.#..##.###.#
#.#..##o###.#
#.#.....@<#.#
#.##........#
#########.##.##.#...######
................#........#
#########(##.#..#.#.####.#
# #.......#.#.# #.# ##
####)#.##...# #.# .#
#.>.[#.###..####.## .#
#####.##.#.# #........#


You could see an orc warrior.

Vanquished Creatures
  Sigmund (D:4)
  2 phantoms
  2 ice beasts
  An ogre (D:7)
  2 centaurs
  2 bullfrogs (D:7)
  Blork the orc (D:4)
  2 crimson imps
  A quasit (D:6)
  An orc priest (D:5)
  A jelly (D:6)
  4 orc wizards
  2 worker ants
  3 gnolls (D:6)
  4 adders
  A shadow imp (D:5)
  2 dart slugs (D:2)
  2 worms
  5 leopard geckos
  14 orcs
  5 giant cockroaches
  11 goblins
  6 hobgoblins
  A quokka (D:3)
  2 ball pythons
  5 bats
  10 frilled lizards
  8 kobolds
  9 rats
110 creatures vanquished.

Notes
Turn   | Place    | Note
-------+----------+-------------------------------------------
     0 | D:1      | HereIgoKillingAgain the Demonspawn Skald began the quest
                  | for the Orb.
     0 | D:1      | Reached XP level 1. HP: 16/16 MP: 3/3
     6 | D:1      | Noticed a redback
     6 | D:1      | Noticed a water moccasin
     7 | D:1      | Noticed a polar bear
   211 | D:1      | Gained mutation: You sometimes gain a little power by
                  | taking damage. [demonic ancestry]
   211 | D:1      | Reached XP level 2. HP: 18/22 MP: 5/5
   732 | D:1      | Learned a level 2 spell: Song of Slaying
  1136 | D:2      | Reached XP level 3. HP: 19/27 MP: 6/6
  1522 | D:2      | Reached skill level 1 in Unarmed Combat
  2459 | D:2      | Gained mutation: You sometimes gain power by taking damage.
                  | [demonic ancestry]
  2459 | D:2      | Reached XP level 4. HP: 34/34 MP: 7/7
  3168 | D:3      | Gained mutation: You have sharp toenails. [potion of
                  | mutation]
  3168 | D:3      | Gained mutation: You are agile. (Dex +2) [potion of
                  | mutation]
  3322 | D:3      | Reached skill level 2 in Unarmed Combat
  3612 | D:4      | Noticed Blork the orc
  3628 | D:4      | Killed Blork the orc
  3628 | D:4      | Reached XP level 5. HP: 20/41 MP: 0/8
  3810 | D:4      | Noticed Sigmund
  3828 | D:4      | HP: 1/41 [shot self (8)]
  3829 | D:4      | Killed Sigmund
  3829 | D:4      | Reached skill level 3 in Unarmed Combat
  3829 | D:4      | Reached XP level 6. HP: 1/47 MP: 0/9
  4169 | D:4      | Noticed an orc warrior
  4173 | D:5      | Entered Level 5 of the Dungeon
  4696 | D:5      | Reached skill level 4 in Unarmed Combat
  5136 | D:5      | Found Xaroppu's Magic Scroll Shop.
  5144 | D:5      | Bought a scroll of blinking for 105 gold pieces
  5144 | D:5      | Bought a scroll of identify for 28 gold pieces
  5144 | D:5      | Bought a scroll of teleportation for 42 gold pieces
  5182 | D:5      | Bought a scroll of random uselessness for 14 gold pieces
  5182 | D:5      | Bought a scroll of identify for 28 gold pieces
  5182 | D:5      | Bought a scroll of magic mapping for 49 gold pieces
  5314 | D:6      | Noticed an ice beast
  5323 | D:6      | Killed an ice beast
  5323 | D:6      | Gained mutation: You are immune to rotting. [demonic
                  | ancestry]
  5323 | D:6      | Reached XP level 7. HP: 13/54 MP: 2/10
  5575 | D:6      | Found a staircase to the Ecumenical Temple.
  5737 | D:6      | Found Tafriqal's Gadget Emporium.
  5794 | D:6      | Reached skill level 5 in Unarmed Combat
  6198 | Temple   | Entered the Ecumenical Temple
  6374 | Temple   | Became a worshipper of Uskayaw the Reveler
  6478 | D:6      | Reached * piety under Uskayaw
  7017 | D:7      | Reached ** piety under Uskayaw
  7019 | D:7      | Reached *** piety under Uskayaw
  7025 | D:7      | Reached **** piety under Uskayaw
  7028 | D:7      | Reached skill level 6 in Unarmed Combat
  7028 | D:7      | Reached ***** piety under Uskayaw
  7074 | D:7      | Reached XP level 8. HP: 28/60 MP: 8/11
  7324 | D:7      | Learned a level 7 spell: Dragon Form
  7655 | D:7      | Reached skill level 1 in Transmutations
  7717 | D:7      | Found a glowing golden altar of the Shining One.
  7717 | D:7      | Found a hazy altar of Hepliaklqana.
  7717 | D:7      | Found a stormy altar of Qazlal.
  7717 | D:7      | Found a burning altar of Makhleb.
  7740 | D:7      | Found a sacrificial altar of Ru.
  7742 | D:7      | Found a sparkling altar of Nemelex Xobeh.
  8100 | D:7      | Reached skill level 7 in Unarmed Combat
  8310 | D:7      | Slain by an orc warrior

Vault maps used:
D:1:      onia_arrival_zoo_common
D:3:      first_ration
D:4:      serial_shops, kennysheep_mini_moat, nicolae_qazlal_general_emergency,
          uniq_sigmund, uniq_blork_the_orc
D:5:      minmay_angry_zag, serial_shops, shop
D:6:      temple_doors_e, portal_sewer_entry_d, serial_shops, shop
D:7:      minmay_overflow_temple_hex
D:8:      minmay_lair_entry_lava, serial_column_ruins,
          column_ruins_temple_circle, column_ruins_grid_2, column_ruins_grid_1,
          column_ruins_grid_3, uniq_erica, uniq_psyche, uniq_harold
Temple:   eino_temple_rhombus

Skill      XL: |  1  2  3  4  5  6  7  8 |
---------------+-------------------------+-----
Long Blades    | 2 3 |  3.0
Dodging        | 2 3 4 |  4.0
Unarmed Combat | 1 2 3 4 6 7 |  7.0
Fighting       | 3 4 |  4.0
Charms         | 3 |  3.4
Transmutations | 1 |  1.9
Armour         | |  0.8
Spellcasting   | |  2.0

Action                   |  1- 3 |  4- 6 |  7- 9 || total
-------------------------+-------+-------+-------++-------
Melee: Falchion          |   167 |   122 |       ||   289
       Punch             |       |     4 |     5 ||     9
       Unarmed           |       |    81 |   201 ||   282
 Cast: Infusion          |       |     1 |     1 ||     2
Invok: Stomp             |       |       |     2 ||     2
Evoke: Wand              |       |     5 |       ||     5
  Use: Potion            |     1 |     4 |     2 ||     7
       Scroll            |       |    11 |     2 ||    13
 Stab: Sleeping          |     1 |     1 |       ||     2
       Paralysed         |       |       |     2 ||     2
  Eat: Chunk             |     5 |     5 |     2 ||    12
       Ration            |       |     1 |     3 ||     4
Armor: Leather armour    |    49 |    49 |    65 ||   163
       Skin              |       |     1 |       ||     1
Dodge: Dodged            |    91 |    81 |   157 ||   329
       Rpst.: Falchion   |    32 |    16 |       ||    48

Table legend:
 A = Non-vault XP
 B = Vault XP
 C = Vault XP percentage of total XP
 D = Non-vault monster count
 E = Vault monster count
 F = Vault count percentage of total count
                 A         B        C        D         E       F
            +---------+---------+-------+---------+---------+-------
      Total |    1676 |     368 |  18.0 |     105 |       5 |   4.5
            +---------+---------+-------+---------+---------+-------
        D:1 |      38 |       0 |   0.0 |      27 |       0 |   0.0
        D:2 |      69 |       0 |   0.0 |      26 |       0 |   0.0
        D:3 |      83 |       0 |   0.0 |      18 |       0 |   0.0
        D:4 |       0 |     318 | 100.0 |       0 |       2 | 100.0
        D:5 |     156 |      37 |  19.2 |       7 |       2 |  22.2
        D:6 |     509 |      13 |   2.5 |      13 |       1 |   7.1
        D:7 |     821 |       0 |   0.0 |      14 |       0 |   0.0
            +---------+---------+-------+---------+---------+-------
